 Dungeon Crawl Stone Soup version 0.29-a0-334-gb41bcbb86e (webtiles) character file.

Game seed: 480721597198688302

75 tatocazan the Sneak (level 4, -1/33 HPs)
             Began as an Octopode Brigand on Apr 15, 2022.
             Slain by a shadow imp (2 damage)
             ... summoned by Natasha
             ... on level 3 of the Dungeon.
             The game lasted 00:03:17 (3085 turns).

tatocazan the Sneak (Octopode Brigand)              Turns: 3085, Time: 00:03:18

Health: -1/33      AC:  1    Str: 10    XL:     4   Next: 31%
Magic:  4/4        EV: 13    Int: 13    God:
Gold:   85         SH:  0    Dex: 15    Spells: 3/3 levels left

rFire   + . .      SeeInvis .   a - +2 dagger
rCold   . . .      Faith    .   (no shield)
rNeg    . . .      Spirit   .   (helmet restricted)
rPois   .          Reflect  .   (no amulet)
rElec   .          Harm     .   (no ring)
rCorr   .          Rampage  .   (no ring)
Will    .....                   (no ring)
Stlth   ++++......              (no ring)
HPRegen 0.11/turn               (no ring)
MPRegen 0.09/turn               (no ring)
                                (no ring)
                                (no ring)

@: slowed, very slow
A: almost no armour, amphibious, 8 rings, camouflage 1, gelatinous body 1,
(nimble swimmer 1), tentacles, fire resistance 1, robust 1
a: no special abilities


You were on level 3 of the Dungeon.
You visited 1 branch of the dungeon, and saw 3 of its levels.

You collected 115 gold pieces.
You spent 30 gold pieces at shops.

Inventory:

Hand Weapons
 a - a +2 dagger (weapon)
Missiles
 b - 4 poisoned darts (quivered)
 c - 3 curare-tipped darts
 n - 3 atropa-tipped darts
Scrolls
 d - 2 scrolls of teleportation
 e - 2 scrolls of identify {unknown}
 f - a scroll of brand weapon {unknown}
 g - 2 scrolls of immolation {unknown}
 l - a scroll of magic mapping {unknown}
Potions
 j - a potion of brilliance
 k - 2 potions of curing
 o - a potion of lignification {unknown}


   Skills:
 + Level 2.4 Fighting
 * Level 2.7 Short Blades
 + Level 2.4 Throwing
 + Level 1.9 Dodging
 * Level 6.0 Stealth


You had 3 spell levels left.
You didn't know any spells.
Your spell library contained the following spells:

 Spells                   Type           Power      Damage    Failure   Level
 Static Discharge         Conj/Air       0%         N/A       43%         2
 Call Canine Familiar     Summ           0%         N/A       67%         3
 Portal Projectile        Hex/Tloc       0%         N/A       67%         3
 Leda's Liquefaction      Hex/Erth       0%         N/A       97%         4
 Lightning Bolt           Conj/Air       0%         1d11      100%        5
 Maxwell's Capacitive Co  Air            0%         ∞         100%        8


Dungeon Overview and Level Annotations

Branches:
Dungeon (3/15)

Altars:

Shops:
D:1 !

Annotations:
D:3 Ijyb, Natasha


Innate Abilities, Weirdness & Mutations

You cannot wear most types of armour.
You are amphibious.
You can wear up to eight rings at the same time.
Your skin changes colour to match your surroundings (Stealth+).
Your rubbery body absorbs attacks. (AC +1, EV +1)
((You are camouflaged when in or above water. (Stealth+)))
You have tentacles for arms and can constrict up to eight enemies at once.
Your flesh is heat resistant. (rF+)
You are robust. (+10% HP)


Message History

The orc hits you but does no damage.
Ijyb screams, "You nasty!
Big nasty!"
Ijyb hits you but does no damage.
You closely miss Ijyb.
Ijyb is heavily wounded.
The shadow imp hits you but does no damage.
Natasha claws you but does no damage. The orc hits you but does no damage. x3
Ijyb hits you but does no damage.
The shadow imp hits you but does no damage.
You hit Ijyb but do no damage.
Ijyb is heavily wounded.
Natasha casts a spell at you.
The magic dart hits you but does no damage.
The orc hits you but does no damage. x3; Ijyb hits you with a +3 spectral club.
The shadow imp hits you but does no damage.
Natasha claws you.
* * * LOW HITPOINT WARNING * * *
You take 6 damage, and have 14/49 hp.
You hit Ijyb but do no damage.
Ijyb is heavily wounded.
The orc hits you but does no damage. x3; Ijyb hits you but does no damage.
The shadow imp hits you but does no damage.
Natasha claws you.
* * * LOW HITPOINT WARNING * * *
The orc hits you but does no damage. Ijyb hits you but does no damage.
The orc barely misses you. The orc hits you but does no damage.
You take 1 damage, and have 13/49 hp.
It was a potion of cancellation.
Your magical effects are unravelling.
You feel magically purged.
You feel less wooden.
You feel yourself speed up.
You feel a little less clever now. The shadow imp hits you.
* * * LOW HITPOINT WARNING * * *
Natasha stares at you and mumbles some strange words.
You feel yourself slow down. The orc hits you with a +0 hand axe.
* * * LOW HITPOINT WARNING * * *
The orc misses you. Ijyb misses you. The orc misses you.
The shadow imp hits you.
You die...

######## #
#......#
...###.!....#
.......oo...#..
#.@oo....#
#h5g....##
#.5.......
.?........
......(.###
.........#
.........((
#?.........##


You could see Ijyb, Natasha, a white imp (summoned), a shadow imp (summoned) and
4 orcs.

Vanquished Creatures
  3 adders (D:2)
  2 dart slugs
  2 endoplasms (D:1)
  4 giant cockroaches
  4 goblins
  3 hobgoblins
  5 jackals
  3 quokkas
  6 ball pythons
  2 bats
  7 rats
41 creatures vanquished.

Notes
Turn   | Place    | Note
-------+----------+-------------------------------------------
     0 | D:1      | tatocazan the Octopode Brigand began the quest for the Orb.
     0 | D:1      | Reached XP level 1. HP: 14/14 MP: 1/1
   141 | D:1      | Found a faded altar of an unknown god.
   422 | D:1      | Reached XP level 2. HP: 19/19 MP: 2/2
   639 | D:1      | Found Visuf's Distillery.
   644 | D:1      | Bought a potion of curing for 30 gold pieces
  1563 | D:2      | Reached XP level 3. HP: 14/24 MP: 3/3
  2656 | D:2      | Identified the +7 spear of Duty {flame, rElec}
  2691 | D:2      | Reached skill level 6 in Stealth
  2708 | D:2      | Reached XP level 4. HP: 30/30 MP: 4/4
  3068 | D:3      | Noticed Natasha
  3068 | D:3      | Noticed Ijyb
  3076 | D:3      | Gained mutation: Your flesh is heat resistant. (rF+)
                  | [potion of mutation]
  3076 | D:3      | Gained mutation: You are robust. (+10% HP) [potion of
                  | mutation]
  3085 | D:3      | HP: 1/33 [orc/+0 hand axe (6)]
  3085 | D:3      | Slain by a shadow imp

Illustrated notes

Levels and vault maps discovered:
D:1:      kennysheep_arrival_seaside, layout_loops_corners,
          nicolae_ecumenical_lake_church, serial_shops, shop
D:2:      layout_basic
D:3:      layout_rooms, mainiacjoe_overflow_small_starburst,
          ebering_ghost_sewer_f, kennysheep_cross_room, uniq_natasha, uniq_ijyb

Skill      XL: |  1  2  3 |
---------------+----------+-----
Stealth        | 6 |  6.0
Fighting       | |  2.4
Short Blades   | |  2.7
Throwing       | |  2.4
Dodging        | |  1.9

Action                   |  1- 3 |  4- 6 || total
-------------------------+-------+-------++-------
Melee: Dagger            |    62 |    25 ||    87
       Constrict         |    15 |     3 ||    18
       Tentacles         |    12 |     2 ||    14
Throw: Dart              |     8 |     4 ||    12
  Use: Potion            |       |     4 ||     4
       Scroll            |       |     1 ||     1
 Stab: Sleeping          |     9 |     2 ||    11
       Distracted        |     1 |       ||     1
Armor: Skin              |    13 |    36 ||    49
Dodge: Dodged            |    80 |    14 ||    94

Table legend: (Time is in decaauts)
 A = Elapsed time spent in this place.
 B = Non-inter-level travel time spent in this place.
 C = Inter-level travel time spent in this place.
 D = Time resting spent in this place.
 E = Time spent auto-exploring this place.
 F = Levels seen in this place.
 G = Mean time per level.
                   A        B        C        D        E       F      G
               +--------+--------+--------+--------+--------+-----+--------+
         Total |   3082 |   3040 |     42 |   1241 |   1469 |   3 | 1027.3 |
       Dungeon |   3082 |   3040 |     42 |   1241 |   1469 |   3 | 1027.3 |
               +--------+--------+--------+--------+--------+-----+--------+

Top non-repeatable levels by time:
     D:1: 2476 daAuts
     D:2: 588 daAuts
     D:3: 18 daAuts
